 Dungeon Crawl Stone Soup version 0.28-a0-479-g5baa6b73be (webtiles) character file.

Game seed: 12435828594849888038

129 bande the Covered (level 5, -4/33 HPs)
             Began as a Gargoyle Fighter on Sept 18, 2021.
             Slain by a hobgoblin (7 damage)
             ... on level 2 of the Dungeon.
             The game lasted 00:02:36 (1253 turns).

bande the Covered (Gargoyle Fighter)                Turns: 1253, Time: 00:02:36

Health: -4/33      AC: 11    Str: 20    XL:     5   Next: 12%
Magic:  5/5        EV:  9    Int: 14    God:
Gold:   57         SH:  4    Dex: 10    Spells: 4/4 levels left

rFire   . . .      SeeInvis +   f - +2 hand axe (freeze)
rCold   . . .      Faith    .   c - +0 buckler
rNeg    + . .      Spirit   .   b - +0 scale mail
rPois   ∞          Reflect  .   (no helmet)
rElec   +          Harm     .   (no cloak)
rCorr   .          Rampage  .   (no gloves)
Will    .....                   (no boots)
Stlth   ..........              (no amulet)
HPRegen 0.11/turn               i - +6 ring of intelligence
MPRegen 0.09/turn               h - ring of see invisible

@: attractive
A: sickness immunity, AC +4, negative energy resistance 1, electricity
resistance, torment resistance 1, petrification resistance
a: no special abilities


You were on level 2 of the Dungeon.
You visited 1 branch of the dungeon, and saw 2 of its levels.

You collected 57 gold pieces.

Inventory:

Hand Weapons
 a - a +0 war axe
 f - a +2 hand axe of freezing (weapon)
 k - a +0 war axe
Armour
 b - a +0 scale mail (worn)
 c - a +0 buckler (worn)
Jewellery
 h - a ring of see invisible (right hand)
 i - a +6 ring of intelligence (left hand)
Potions
 d - 2 potions of might
 g - 2 potions of brilliance


   Skills:
 + Level 4.1 Fighting
 + Level 2.9 Axes
 + Level 4.3 Armour
 + Level 3.9 Shields


You had 4 spell levels left.
You didn't know any spells.
Your spell library was empty.

Dungeon Overview and Level Annotations

Branches:
Dungeon (2/15)

Altars:


Innate Abilities, Weirdness & Mutations

You are immune to sickness and miasma.
Your stone body is resilient. (AC +4)
You are immune to poison.
You resist negative energy. (rN+)
You are resistant to electric shocks. (rElec)
You are resistant to unholy torment.
You are immune to petrification.


Message History

You are too injured to fight recklessly!
You are too injured to fight recklessly!
You hit the hobgoblin. You freeze the hobgoblin.
The hobgoblin is moderately wounded.
The hobgoblin closely misses you.
You hit the hobgoblin but do no damage.
The hobgoblin is moderately wounded.
You block the hobgoblin's attack.
You closely miss the hobgoblin.
The hobgoblin is moderately wounded.
The hobgoblin hits you with a +0 trident.
You barely miss the hobgoblin.
The hobgoblin is moderately wounded.
The hobgoblin hits you with a +0 trident.
You barely miss the hobgoblin.
The hobgoblin is moderately wounded.
The hobgoblin completely misses you.
The hobgoblin hits you with a +0 trident!
* * * LOW HITPOINT WARNING * * *
You hit the hobgoblin but do no damage.
The hobgoblin is moderately wounded.
The hobgoblin closely misses you.
You barely miss the hobgoblin.
The hobgoblin is moderately wounded.
The hobgoblin barely misses you.
You hit the hobgoblin but do no damage.
The hobgoblin is moderately wounded.
The hobgoblin closely misses you.
It was a potion of attraction.
You feel attractive to monsters.
The hobgoblin hits you but does no damage.
The hobgoblin throws a stone.
The stone hits you but does no damage. The hobgoblin is attracted toward you.
You barely miss the hobgoblin.
The hobgoblin is moderately wounded.
You block the hobgoblin's attack.
You closely miss the hobgoblin.
The hobgoblin is moderately wounded.
The hobgoblin hits you with a +0 trident!
You die...

###...#.........##.....##
......#...........#.....#
......#.................#
......##................#
............#..........
............#......... #
............#......# .!#
.......######......#....#
.......# ####...@g§..>...
.......###...............
.........................
....#.................###
#...#.................#
#...#..........###....#
#.. #..........# ....# #.
#..........# ....#
############


You could see a hobgoblin (strong).

Vanquished Creatures
  2 jellies (D:2)
  2 adders (D:2)
  3 bats
  10 endoplasms
  2 giant cockroaches (D:1)
  4 hobgoblins
  5 jackals (D:1)
  A quokka (D:2)
  2 ball pythons
  9 kobolds
  5 rats
45 creatures vanquished.

Vanquished Creatures (others)
  11 fungi (D:2)
  4 toadstools (D:2)
15 creatures vanquished.

Grand Total: 60 creatures vanquished

Notes
Turn   | Place    | Note
-------+----------+-------------------------------------------
     0 | D:1      | bande the Gargoyle Fighter began the quest for the Orb.
     0 | D:1      | Reached XP level 1. HP: 14/14 MP: 1/1
    97 | D:1      | Reached XP level 2. HP: 16/19 MP: 2/2
   338 | D:1      | Reached XP level 3. HP: 24/24 MP: 3/3
  1023 | D:2      | Reached XP level 4. HP: 29/29 MP: 4/4
  1169 | D:2      | Reached XP level 5. HP: 32/33 MP: 5/5
  1253 | D:2      | Slain by a hobgoblin

Illustrated notes

Levels and vault maps discovered:
D:1:      lemuel_arrival_room, layout_basic, chequers_serial_rivers_micro_b
D:2:      cheibrodos_fertilizer, layout_basic, minmay_pentomino_p4

Skill      XL: |  1  2  3  4 |
---------------+-------------+-----
Axes           | 2 |  2.9
Armour         | 4 |  4.3
Fighting       | 4 |  4.1
Shields        | |  3.9

Action                   |  1- 3 |  4- 6 || total
-------------------------+-------+-------++-------
Melee: Hand axe          |    67 |    32 ||    99
       War axe           |     5 |       ||     5
  Use: Scroll            |     2 |     1 ||     3
       Potion            |       |     1 ||     1
Armor: Scale mail        |    58 |     9 ||    67
Dodge: Dodged            |    44 |     9 ||    53
Block: Buckler           |    18 |     6 ||    24

Table legend: (Time is in decaauts)
 A = Elapsed time spent in this place.
 B = Non-inter-level travel time spent in this place.
 C = Inter-level travel time spent in this place.
 D = Time resting spent in this place.
 E = Time spent auto-exploring this place.
 F = Levels seen in this place.
 G = Mean time per level.
                   A        B        C        D        E       F      G
               +--------+--------+--------+--------+--------+-----+--------+
         Total |   1273 |   1273 |      0 |     72 |    885 |   2 |  636.5 |
       Dungeon |   1273 |   1273 |      0 |     72 |    885 |   2 |  636.5 |
               +--------+--------+--------+--------+--------+-----+--------+

Top non-repeatable levels by time:
     D:1: 761 daAuts
     D:2: 511 daAuts
